 Dungeon Crawl Stone Soup version 0.26-a0-812-g31a745ddcd (webtiles) character file.

Game seed: 2295946462724835560

4666 kae the Grappler (level 10, -3/83 HPs)
             Began as a Green Draconian Transmuter on Nov 24, 2020.
             Was a Believer of Wu Jian.
             Slain by an ogre
             ... wielding a cursed -2 giant spiked club
              (25 damage)
             ... on level 9 of the Dungeon.
             The game lasted 00:06:25 (9489 turns).

kae the Grappler (Green Draconian Transmuter)       Turns: 9489, Time: 00:06:26

Health: -3/83      AC:  2    Str: 17    XL:     10   Next: 20%
Magic:  17/17      EV: 25    Int: 13    God:    Wu Jian [**....]
Gold:   348        SH:  0    Dex: 22    Spells: 6/19 levels left

rFire    . . .     SeeInvis .     - Unarmed
rCold    . . .     Faith    .   (shield currently unavailable)
rNeg     . . .     Spirit   .   (armour unavailable)
rPois    x         Reflect  .   (helmet currently unavailable)
rElec    .         Harm     .   (cloak currently unavailable)
rCorr    .         Rampage  .   (gloves currently unavailable)
MR       .....                  (boots currently unavailable)
Stlth    ++........             (no amulet)
HPRegen  0.23/turn              y - ring of flight
MPRegen  0.15/turn              h - +6 ring of dexterity

@: spider-form (expiring)
A: tiny, (breathe noxious fumes), unfitting armour, AC +7
a: End Transformation, Wall Jump, Renounce Religion, Evoke Flight


You were on level 9 of the Dungeon.
You worshipped Wu Jian.
Wu Jian was pleased with you.
You were a venomous arachnid creature.
You visited 1 branch of the dungeon, and saw 9 of its levels.

You collected 348 gold pieces.

Inventory:

Armour
 d - a +2 cloak (melded)
Jewellery
 e - an uncursed ring of protection from cold
 h - a +6 ring of dexterity (right front leg)
 y - a ring of flight (left front leg)
Wands
 f - a wand of iceblast (5)
 i - a wand of digging (4)
 o - a wand of polymorph (8)
 t - a wand of flame (14)
 x - a wand of disintegration (14)
Scrolls
 a - 5 scrolls of amnesia
 b - 3 scrolls of teleportation
 j - a scroll of enchant armour
 k - a scroll of enchant weapon
 l - 3 scrolls of remove curse
 m - a scroll of fog
 n - a scroll of magic mapping
 p - a scroll of immolation
Potions
 c - a potion of cancellation
 g - 5 potions of curing
 q - a potion of magic
 r - 3 potions of attraction
 s - a potion of mutation
 u - a potion of ambrosia
 v - 2 potions of flight
 w - 2 potions of might
 A - a potion of resistance {unknown}


   Skills:
 + Level 5.8 Fighting
 + Level 5.1 Dodging
 * Level 8.1 Unarmed Combat
 + Level 5.2 Spellcasting
 * Level 7.9 Transmutations
 * Level 3.6 Ice Magic
 - Level 3.2 Poison Magic


You had 6 spell levels left.
You knew the following spells:

 Your Spells              Type           Power        Failure   Level
a - Beastly Appendage     Tmut           ###...       4%          1
b - Spider Form           Tmut/Pois      ###.......   16%         3
c - Blade Hands           Tmut           ###.......   38%         5
d - Ice Form              Ice/Tmut       ###.....     36%         4

Your spell library contained the following spells:

 Spells                   Type           Power        Failure   Level
 Wereblood                Tmut           ###.....     5%          2


Dungeon Overview and Level Annotations

Branches:
Dungeon (9/15)             Temple (0/1) D:6
   Lair: D:8-11         Orc: D:9-12

Altars:
Cheibriados
Fedhas
Hepliaklqana
Nemelex Xobeh
Ru
Wu Jian
Xom

Shops:
D:5 [   D:8 [

Annotations:
D:6 2 runed translucent doors, PanSaczeczos's ghost, amateur HOAK


Innate Abilities, Weirdness & Mutations

((You can breathe blasts of noxious fumes.))
((Your lurid green scales are hard. (AC +7)))
You cannot fit into any form of body armour.
((Your system is resistant to poisons. (rPois)))
((You are cold-blooded and may be slowed by cold attacks.))


Message History

The ogre is moderately wounded.
You bite the ogre!
The ogre looks as sick as possible!
The ogre is almost dead.
Your transformation is almost over.
The ogre closely misses you. The ogre misses you.
You bite the ogre!
You kill the ogre!
The Council accepts your kill.
The ogre hits you with a +0 giant spiked club!!
* * * LOW HITPOINT WARNING * * *
You bite the ogre!
You kill the ogre!
The Council accepts your kill. The ogre completely misses you.
You hit the ogre.
The ogre is poisoned.
The ogre is lightly wounded.
You hit the ogre but do no damage.
The ogre looks even sicker.
The ogre is lightly wounded.
The ogre hits you with a cursed -2 giant spiked club!!
You die...

#....#.....#
#....+.....#
#....#.....# ##
#....#.....##.## .
######)...##...#OO..
..........#....O....
+###......#)#.......
#......O)##......
#......)s# ......
#.......## .....
#.......# #....
#........ #.#.
#......... ##
#.........
+....###### #....


You could see an ogre (very poisoned).

Vanquished Creatures
  Prince Ribbit (D:6)
  A hornet (D:8)
  Sigmund (D:2)
  Eustachio (D:6)
  A wyvern (D:8)
  Edmund (D:6)
  3 ice beasts
  A black bear (D:3)
  4 orc warriors
  A sky beast (D:6)
  11 ogres
  3 centaurs
  A big kobold (D:7)
  Blork the orc (D:5)
  3 bullfrogs
  A water moccasin zombie (D:6)
  A scorpion (D:8)
  4 wights (D:7)
  4 howler monkeys
  3 orc wizards
  6 hounds
  5 orc priests
  A centaur skeleton (D:7)
  Jessica (D:3)
  3 iguanas
  Natasha (thrice) (D:3)
  6 worker ants
  A worker ant zombie (D:2)
  8 gnolls (D:3)
  5 adders
  An ooze (D:5)
  An adder zombie (D:7)
  3 worms
  4 dart slugs
  8 leopard geckos
  13 orcs
  6 giant cockroaches
  3 hobgoblins (D:1)
  3 jackals (D:6)
  2 quokkas
  A ball python (D:1)
  10 bats
  6 frilled lizards
  10 goblins
  17 kobolds
  A leopard gecko skeleton (D:8)
  A quokka skeleton (D:6)
  8 rats
184 creatures vanquished.

Notes
Turn   | Place    | Note
-------+----------+-------------------------------------------
     0 | D:1      | kae the Draconian Transmuter began the quest for the Orb.
     0 | D:1      | Reached XP level 1. HP: 16/16 MP: 3/3
   231 | D:1      | Reached XP level 2. HP: 16/23 MP: 3/5
   935 | D:1      | Reached XP level 3. HP: 28/28 MP: 4/6
  1546 | D:2      | Learned a level 3 spell: Spider Form
  1719 | D:2      | Noticed Sigmund
  1732 | D:2      | Killed Sigmund
  1732 | D:2      | Reached skill level 4 in Unarmed Combat
  1732 | D:2      | Reached skill level 1 in Poison Magic
  1732 | D:2      | Reached XP level 4. HP: 26/36 MP: 1/8
  1732 | D:2      | Reached XP level 5. HP: 29/41 MP: 1/9
  2729 | D:3      | Reached XP level 6. HP: 47/48 MP: 10/10
  2735 | D:3      | Learned a level 4 spell: Ice Form
  3169 | D:3      | Noticed Natasha
  3207 | D:3      | Killed Natasha
  3398 | D:3      | Noticed Natasha
  3409 | D:3      | Killed Natasha
  3449 | D:3      | Noticed Jessica
  3457 | D:3      | Killed Jessica
  3566 | D:3      | Your scales start taking on a lurid green colour.
  3566 | D:3      | Reached XP level 7. HP: 25/56 MP: 6/11
  3566 | D:3      | Gained mutation: Your system is resistant to poisons.
                  | (rPois) [Green Draconian growth]
  3673 | D:3      | Noticed Natasha
  3677 | D:3      | Killed Natasha
  3791 | D:3      | Found a sacrificial altar of Ru.
  4020 | D:4      | Found a blossoming altar of Fedhas.
  4421 | D:4      | Found Muchacei's Antique Armour Shop.
  4459 | D:4      | Reached skill level 5 in Unarmed Combat
  4634 | D:5      | Entered Level 5 of the Dungeon
  4822 | D:5      | Found Koenewn's Antique Armour Boutique.
  5055 | D:5      | Noticed Blork the orc
  5064 | D:5      | Killed Blork the orc
  5064 | D:5      | Reached skill level 5 in Transmutations
  5064 | D:5      | Reached XP level 8. HP: 61/63 MP: 10/13
  5201 | D:5      | Found a sacrificial altar of Ru.
  5207 | D:5      | Found a snail-covered altar of Cheibriados.
  5210 | D:5      | Found an ornate altar of the Wu Jian Council.
  5380 | D:5      | Became a worshipper of the Wu Jian Council
  5405 | D:6      | Noticed Eustachio
  5645 | D:6      | Found a large runed translucent door.
  5646 | D:6      | Found a large runed translucent door.
  5679 | D:6      | Noticed PanSaczeczos's ghost (amateur HOAK)
  5705 | D:6      | Killed Eustachio
  5780 | D:6      | Noticed Prince Ribbit
  5792 | D:6      | Killed Prince Ribbit
  5792 | D:6      | Reached skill level 6 in Unarmed Combat
  6013 | D:6      | Found a staircase to the Ecumenical Temple.
  6385 | D:6      | Found a snail-covered altar of Cheibriados.
  6411 | D:6      | Reached XP level 9. HP: 35/72 MP: 11/15
  6628 | D:6      | Reached * piety under Wu Jian
  7119 | D:6      | Found a shimmering altar of Xom.
  7121 | D:6      | Noticed Edmund
  7146 | D:6      | Killed Edmund
  7325 | D:7      | Reached skill level 7 in Unarmed Combat
  7463 | D:7      | Learned a level 5 spell: Blade Hands
  7536 | D:7      | Reached skill level 5 in Fighting
  7979 | D:7      | Reached skill level 1 in Ice Magic
  8480 | D:8      | Found Xaufiuh's Antique Armour Emporium.
  8513 | D:8      | Reached ** piety under Wu Jian
  8861 | D:8      | Reached skill level 5 in Spellcasting
  9058 | D:8      | Reached skill level 5 in Dodging
  9076 | D:8      | Reached XP level 10. HP: 82/82 MP: 13/17
  9200 | D:8      | Found a shimmering altar of Xom.
  9200 | D:8      | Found a sparkling altar of Nemelex Xobeh.
  9200 | D:8      | Found a hazy altar of Hepliaklqana.
  9316 | D:8      | Reached skill level 8 in Unarmed Combat
  9489 | D:9      | Slain by an ogre

Illustrated notes

Levels and vault maps discovered:
D:1:      psy_arrival_spokes, layout_basic
D:2:      layout_loops_cross, minmay_misc_feat_iff, uniq_sigmund
D:3:      layout_basic, nicolae_ru_path_of_blood, uniq_jessica, uniq_natasha
D:4:      layout_rooms, serial_shops, nicolae_shop_stone, fedhas_altar_2
D:5:      layout_cave_pools, minmay_overflow_temple_star_quad, serial_shops,
          nicolae_shop_window_shopping, uniq_blork_the_orc
D:6:      layout_cave_pods, temple_statues, ebering_ghost_disaster_area,
          basic_altar, kennysheep_slug_shrine, uniq_prince_ribbit1, uniq_edmund,
          uniq_eustachio
D:7:      layout_cave_pools, dk_vineyard_1, minmay_microvault
D:8:      layout_rooms, gammafunk_temple_overflow_forgotten, serial_shops,
          shop_statue, serial_glass, glass_columns_a, glass_columns_b,
          hangedman_decor_push
D:9:      lemuel_ogre_cave, layout_irregular_city, serial_shops,
          nicolae_shop_trees

Skill      XL: |  1  2  3  4  5  6  7  8  9 10 |
---------------+-------------------------------+-----
Dodging        | 2 3 4 5 |  5.1
Fighting       | 2 3 4 5 |  5.8
Unarmed Combat | 4 5 6 7 8 |  8.1
Transmutations | 3 4 5 6 7 |  7.9
Poison Magic   | 1 3 |  3.2
Spellcasting   | 3 4 5 |  5.2
Ice Magic      | 3 |  3.6

Action                   |  1- 3 |  4- 6 |  7- 9 | 10-12 || total
-------------------------+-------+-------+-------+-------++-------
Melee: Unarmed           |   122 |   126 |   323 |    32 ||   603
       Kick              |    20 |     4 |       |       ||    24
       Tailslap          |    10 |     6 |     7 |     4 ||    27
       Headbutt          |    11 |     5 |       |       ||    16
 Cast: Beastly Appendage |    26 |    17 |       |       ||    43
       Spider Form       |     1 |     8 |    48 |     4 ||    61
Invok: Lunge             |       |       |    16 |     2 ||    18
       Whirlwind         |       |       |     1 |     2 ||     3
 Abil: Breathe Noxious F |       |       |    12 |     1 ||    13
       End Transformatio |       |       |     1 |       ||     1
  Use: Potion            |       |     4 |       |       ||     4
       Scroll            |       |       |    17 |     1 ||    18
 Stab: Sleeping          |       |     1 |       |       ||     1
       Confused          |       |       |    10 |       ||    10
Armor: Skin              |    49 |    39 |    24 |     5 ||   117
Dodge: Dodged            |    85 |   135 |   281 |    12 ||   513

Table legend: (Time is in decaauts)
 A = Elapsed time spent in this place.
 B = Non-inter-level travel time spent in this place.
 C = Inter-level travel time spent in this place.
 D = Time resting spent in this place.
 E = Time spent auto-exploring this place.
 F = Levels seen in this place.
 G = Mean time per level.
                   A        B        C        D        E       F      G
               +--------+--------+--------+--------+--------+-----+--------+
         Total |   9434 |   9214 |    220 |    397 |   7389 |   9 | 1048.2 |
       Dungeon |   9434 |   9214 |    220 |    397 |   7389 |   9 | 1048.2 |
               +--------+--------+--------+--------+--------+-----+--------+

Top non-repeatable levels by time:
     D:6: 1875 daAuts
     D:1: 1469 daAuts
     D:2: 1377 daAuts
     D:7: 1192 daAuts
     D:3: 1129 daAuts
     D:8: 888 daAuts
     D:5: 765 daAuts
     D:4: 638 daAuts
     D:9: 97 daAuts
